 Dungeon Crawl Stone Soup version 0.31.0-12-g77e489cdc1 (webtiles) character file.

Game seed: 8228827536511758582

21 Cheops the Ruffian (level 2, -2/18 HPs)
             Began as an Octopode Shapeshifter on Feb 24, 2024.
             Slain by Terence
             ... wielding a +0 mace
              (8 damage)
             ... on level 2 of the Dungeon.
             The game lasted 00:01:57 (964 turns).

Cheops the Ruffian (Octopode Shapeshifter)           Turns: 964, Time: 00:01:57

Health: -2/18      AC:  1    Str: 13    XL:     2   Next: 87%
Magic:  11/11      EV: 13    Int: 12    God:
Gold:   95         SH:  0    Dex: 11    Spells: 1/1 levels left

rFire   . .          .
                       - Unarmed
rCold   . . .        (no shield)
rNeg    . . .        (helmet currently unavailable)
rPois   .            (no amulet)
rElec   .            d - ring of magical power
rCorr   +            h - ring of resist corrosion
SInv    .            (no ring)
Will    .....        (no ring)
Stlth   ++           (no ring)
HPRegen 0.23/turn    (no ring)
MPRegen 0.12/turn    (no ring)
                     (no ring)

%: no passive effects
@: beast-form
A: beast (slay +1), almost no armour, amphibious, 8 rings, camouflage 1,
gelatinous body 1, (nimble swimmer 1), tentacles
a: Begin Untransformation


You were on level 2 of the Dungeon.
You were a hulking beast.
You visited 1 branch of the dungeon, and saw 2 of its levels.

You collected 95 gold pieces.

Inventory:

Jewellery
 d - a ring of magical power (left tentacle)
 h - a ring of resist corrosion (right tentacle)
Talismans
 A - a beast talisman
 B - a flux talisman
 C - a beast talisman
Scrolls
 e - a scroll of teleportation {unknown}
 f - a scroll of fear {unknown}
 i - a scroll of poison {unknown}
 j - a scroll of revelation {unknown}
Potions
 a - a potion of lignification
 g - 2 potions of heal wounds {unknown}


   Skills:
 - Level 1.0 Fighting
 - Level 2.0 Dodging
 + Level 4.0 Unarmed Combat
 - Level 3.0 Shapeshifting


You had one spell level left.
You didn't know any spells.
Your spell library was empty.

Dungeon Overview and Level Annotations

Branches:
Dungeon (2/15)

Altars:

Annotations:
D:2 Terence


Innate Abilities, Weirdness & Mutations

You are a hulking beast.
Your limbs bulge with bestial killing power. (Slay +1)
You cannot wear most types of armour.
You are amphibious.
You can wear up to eight rings at the same time.
Your skin changes colour to match your surroundings (Stealth+).
Your rubbery body absorbs attacks. (AC +1, EV +1)
((You are camouflaged when in or above water. (Stealth+)))
You have tentacles for arms and can constrict up to eight enemies at once.


Message History

c - a flux talisman Adjust to which letter? (? for menu, Esc to quit)
B - a flux talisman Adjust (i)tems, (s)pells, or (a)bilities?
k - a beast talisman Adjust to which letter? (? for menu, Esc to quit)
C - a beast talisman Done exploring.
Okay, then.
You see here a +0 leather armour.
There is a stone staircase leading down here.
You climb downwards.
There is a stone staircase leading up here.
Terence is nearby!
Unknown command.
Terence shouts!
You swing at nothing.
You swing at nothing.
You swing at nothing.
You swing at nothing.
You tentacle-slap Terence but do no damage.
You grab Terence.
You constrict Terence, but do no damage.
Terence hits you with a +0 mace!
You tentacle-slap Terence. You squeeze Terence, but do no damage.
Terence is lightly wounded.
You constrict Terence. Terence closely misses you.
You tentacle-slap Terence but do no damage.
Terence is lightly wounded.
You constrict Terence. Terence hits you with a +0 mace.
* * * LOW HITPOINT WARNING * * *
You tentacle-slap Terence. You squeeze Terence.
Terence is moderately wounded.
You constrict Terence. Terence closely misses you.
Unknown command.
You tentacle-slap Terence.
Terence is heavily wounded.
You constrict Terence. Terence hits you with a +0 mace!
You die...
Terence says, "Time to find some more victims."

#############
#.....h@<...#
#.######....#
#....# #....#
.@...# .....#
......
....###.


You could see Terence.

Vanquished Creatures
  5 endoplasms (D:1)
  A giant cockroach (D:1)
  A goblin (D:1)
  A hobgoblin (D:1)
  A kobold (D:1)
  A quokka (D:1)
  2 ball pythons (D:1)
  A bat (D:1)
  2 frilled lizards (D:1)
  6 rats (D:1)
21 creatures vanquished.

Notes
Turn   | Place    | Note
-------+----------+-------------------------------------------
     0 | D:1      | Cheops the Octopode Shapeshifter began the quest for the
                  | Orb.
     0 | D:1      | Reached XP level 1. HP: 13/13 MP: 1/1
   224 | D:1      | Reached XP level 2. HP: 15/18 MP: 2/2
   672 | D:1      | Reached skill level 4 in Unarmed Combat
   949 | D:2      | Noticed Terence
   964 | D:2      | Slain by Terence

Illustrated notes

Levels and vault maps discovered:
D:1:      amcnicky_arrival_double_pillar, layout_basic
D:2:      layout_basic, basic_altar, minivault_23, minmay_octomino_c4,
          uniq_natasha, uniq_robin, uniq_terence

Skill      XL: |  1  2 |
---------------+-------+-----
Unarmed Combat | 4 |  4.0
Fighting       | |  1.0
Dodging        | |  2.0
Shapeshifting  | |  3.0

Action                     || total
---------------------------++-------
  Melee: Unarmed           ||    43
         Punch             ||     3
         Constrict         ||     5
         Tentacles         ||     4
   Stab: Sleeping          ||     5
 Armour: Skin              ||     8
  Dodge: Dodged            ||    20
